 Dungeon Crawl Stone Soup version 0.20.1-1-g8b1a95d (webtiles) character file.

85 vishdafish the Covered (level 4, -2/35 HPs)
             Began as a Demonspawn Fighter on July 3, 2017.
             Killed by divine providence
             ... invoked by an orc priest
              (14 damage)
             ... on level 3 of the Dungeon.
             The game lasted 00:02:14 (1641 turns).

vishdafish the Covered (Demonspawn Fighter)         Turns: 1641, Time: 00:02:14

Health: -2/35      AC: 12    Str: 17    XL:     4   Next: 25%
Magic:  4/4        EV:  6    Int: 10    God:
Gold:   63         SH:  8    Dex: 12    Spells: 3/3 levels left

rFire    . . .     SeeInvis .   a - +0 war axe
rCold    . . .     Gourm    .   c - +0 shield
rNeg     . . .     Faith    .   b - +0 scale mail
rPois    .         Spirit   .   (helmet restricted)
rElec    .         Reflect  .   (no cloak)
rCorr    .         Harm     .   (no gloves)
MR       .....                  (no boots)
Stlth    ..........             (no amulet)
Regen    0.2/turn               (no ring)
MPRegen  0.1/turn               (no ring)

@: sanguine armour
A: antennae 1, sanguine armour 1
a: no special abilities


You were on level 3 of the Dungeon.
You were hungry.

You visited 1 branch of the dungeon, and saw 3 of its levels.

You collected 63 gold pieces.

Inventory:

Hand Weapons
 a - a +0 war axe (weapon)
Armour
 b - a +0 scale mail (worn)
 c - a +0 shield (worn)
Jewellery
 l - a cursed -2 ring of dexterity {unknown}
Wands
 o - a wand of lightning (13/15)
Scrolls
 g - a scroll of teleportation {unknown}
 h - a scroll of remove curse {unknown}
 j - 2 scrolls of identify {unknown}
Potions
 d - 2 potions of might
 e - 2 potions of mutation {unknown}
 i - a potion of curing {unknown}
 k - a potion of heal wounds {unknown}
 n - a potion of invisibility {unknown}
 p - a potion of brilliance {unknown}
Comestibles
 f - 3 bread rations
 m - 2 fruits


   Skills:
 + Level 3.4 Fighting
 * Level 2.8 Axes
 + Level 3.6 Armour
 - Level 2.7 Shields


You had 3 spell levels left.
You didn't know any spells.

Dungeon Overview and Level Annotations

Branches:
Dungeon (3/15)

Altars:
The Shining One


Innate Abilities, Weirdness & Mutations

You have a pair of small antennae on your head.
When seriously injured, your bleeding wounds create armour. (AC +6)


Message History

You closely miss the ball python. You hit the orc.
You kill the orc!
The ball python bites you but does no damage.
You block the ball python's attack. The ball python barely misses you.
The ball python grabs you. The ball python constricts you.
You escape the ball python's grasp.
The ball python completely misses you. The ball python grabs you.
The ball python constricts you.
There is an open door here.
The ball python's grasp on you weakens, but your attempt to escape fails.
You block the ball python's attack. The ball python constricts you.
You escape the ball python's grasp.
There is a stone staircase leading up here.
The ball python bites you but does no damage.
The ball python grabs you.
You stop ascending the stairs.
The ball python constricts you.
You escape the ball python's grasp.
You block the ball python's attack. x2
The orc priest mumbles some strange prayers to Beogh against you.
Beogh smites you!
You die...

#...#.#.....#.###.#
#...# #.....#.# #.#
#)..# #.)...#.# #.# #
#...# #.....#.# #.#
..>#.#...###.o...#.###..
........o..o.......))...
###.##'####.......)....
#.##S# ##...##.#####
#...@# #...##.# #
........# #...##.# #
#######.# ######.# # ###
#.##### #....). #######


You could see an orc priest and a ball python.

Vanquished Creatures
  An adder (D:2)
  An ooze (D:1)
  2 worms (D:2)
  2 dart slugs (D:2)
  2 leopard geckos (D:1)
  4 orcs (D:3)
  5 bats
  3 giant cockroaches
  5 hobgoblins
  7 jackals (D:2)
  7 kobolds
  A quokka (D:2)
  A frilled lizard (D:1)
  4 goblins
  5 rats
50 creatures vanquished.

Notes
Turn   | Place    | Note
-------+----------+-------------------------------------------
     0 | D:1      | vishdafish the Demonspawn Fighter began the quest for the Orb.
     0 | D:1      | Reached XP level 1. HP: 18/18 MP: 1/1
   115 | D:1      | Gained mutation: You have a pair of small antennae on your head. [demonic ancestry]
   115 | D:1      | Reached XP level 2. HP: 22/24 MP: 2/2
   437 | D:1      | Reached XP level 3. HP: 25/29 MP: 3/3
  1201 | D:2      | Gained mutation: When seriously injured, your bleeding wounds create armour. (AC +6) [demonic ancestry]
  1201 | D:2      | Reached XP level 4. HP: 35/35 MP: 4/4
  1282 | D:2      | Found a glowing golden altar of the Shining One.
  1641 | D:3      | Killed from afar by an orc priest

Skill      XL: |  1  2 |
---------------+-------+-----
Axes           | 2 |  2.8
Armour         | 3 |  3.6
Fighting       | |  3.4
Shields        | |  2.7

Action                   |  1- 3 |  4- 6 || total
-------------------------+-------+-------++-------
Melee: War axe           |   135 |    33 ||   168
  Eat: Chunk             |     1 |     1 ||     2
Armor: Scale mail        |    76 |    16 ||    92
Dodge: Dodged            |    50 |    14 ||    64
Block: Shield            |    89 |    22 ||   111
